 Dungeon Crawl Stone Soup version 0.31-a0-202-g547052bce9 (webtiles) character file.

Game seed: 9771701290202912319

51 qw the Shooter (level 3, 0/20 HPs)
             Began as a Deep Elf Hunter on June 26, 2023.
             Killed by nerve-wracking pain
             ... invoked by Jessica
              (6 damage)
             ... on level 2 of the Dungeon.
             The game lasted 00:00:16 (626 turns).

qw the Shooter (Deep Elf Hunter)                     Turns: 626, Time: 00:00:17

Health: 0/20       AC:  3    Str: 10    XL:     3   Next: 57%
Magic:  5/5        EV: 12    Int: 13    God:
Gold:   61         SH:  0    Dex: 18    Spells: 2/2 levels left

rFire   . . .        Y - +0 shortbow
rCold   . . .        (shield currently unavailable)
rNeg    . . .        c - +0 leather armour
rPois   .            (no helmet)
rElec   .            (no cloak)
rCorr   .            (no gloves)
SInv    .            (no boots)
Will    .....        (no amulet)
Stlth   ++           (no ring)
HPRegen 0.23/turn    (no ring)
MPRegen 0.09/turn

%: no passive effects
@: no status effects
A: no striking features
a: no special abilities


You were on level 2 of the Dungeon.
You visited 1 branch of the dungeon, and saw 2 of its levels.

You collected 61 gold pieces.


   Skills:
 - Level 1.5 Fighting
 + Level 7.1 Ranged Weapons
 - Level 2.4 Dodging
 - Level 1.2 Stealth


You had 2 spell levels left.
You didn't know any spells.
Your spell library was empty.

Inventory:

Hand Weapons
 Y - a +0 shortbow (weapon)
Armour
 c - a +0 leather armour (worn)
Jewellery
 e - a ring of ice
 h - a ring of fire
Potions
 g - a potion of brilliance {unknown}
 j - a potion of curing {unknown}

Dungeon Overview and Level Annotations

Branches:
Dungeon (2/15)

Altars:

Annotations:
D:2 Jessica


Message History

The quokka closely misses you. The quokka barely misses you.
You shoot an arrow. The arrow completely misses the quokka.
The quokka bites you.
You shoot an arrow.
The arrow hits the quokka but does no damage.
The quokka closely misses you.
You shoot an arrow. The arrow hits the quokka!
You kill the quokka!
You start resting.
HP restored.
Partly explored, can't reach some places.
(D) Dungeon
Where to? (* - list waypoints, Enter - D:2, ? - help)
What level of the Dungeon? (default 1, ? - help)
You climb downwards.
There is a stone staircase leading up here.
A ball python comes into view.
You shoot an arrow.
The arrow hits the ball python but does no damage.
The ball python hisses angrily.
You shoot an arrow. The arrow hits the ball python.
The ball python is moderately wounded.
You shoot an arrow. The arrow hits the ball python.
You kill the ball python!
Jessica the Apprentice Sorceress comes into view.
She is wielding a +0 dagger.
You shoot an arrow. The arrow hits Jessica.
Jessica is moderately wounded.
Jessica casts a spell at you.
You barely resist. You shoot an arrow. The arrow barely misses Jessica.
You shoot an arrow. The arrow closely misses Jessica.
Jessica barely misses you.
You shoot an arrow. The arrow hits Jessica.
Jessica is almost dead.
Jessica casts a spell at you. Pain shoots through your body!
Ouch! That really hurt!
Jessica points at you and mumbles some strange words.
Pain shoots through your body!
You die...

## .. .. .## %.
.#
...#.#####@######
......%<.@.......
..########.######
.# .# .# .# .# .#


You could see Jessica.

Vanquished Creatures
  Natasha (D:2)
  A dart slug (D:1)
  A bat (D:1)
  2 giant cockroaches (D:1)
  6 hobgoblins (D:1)
  3 jackals (D:1)
  2 quokkas (D:1)
  A ball python (D:2)
  A frilled lizard (D:1)
  A goblin (D:1)
  3 rats (D:1)
22 creatures vanquished.

Notes
Turn   | Place    | Note
-------+----------+-------------------------------------------
     0 | D:1      | qw the Deep Elf Hunter began the quest for the Orb.
     0 | D:1      | Reached XP level 1. HP: 12/12 MP: 3/3
     0 | D:1      | 0 ||| qw: Version: 0.3-a-22-g0ed2b0b
     0 | D:1      | 0 ||| qw: Game counter: 6109
     0 | D:1      | 0 ||| qw: Melee chars always use a shield: true
     0 | D:1      | 0 ||| qw: God list: Okawaru
     0 | D:1      | 0 ||| qw: Allow faded altars: false
     0 | D:1      | 0 ||| qw: Do Orc after clearing Dungeon:15 true
     0 | D:1      | 0 ||| qw: Do second Lair branch before Depths: true
     0 | D:1      | 0 ||| qw: Lair rune preference: random
     0 | D:1      | 0 ||| qw: Goals: Normal
     0 | D:1      | 0 ||| PLANNING D:1-11
   120 | D:1      | Reached skill level 6 in Ranged Weapons
   120 | D:1      | Reached XP level 2. HP: 16/16 MP: 4/4
   310 | D:1      | Found a faded altar of an unknown god.
   553 | D:1      | 553 ||| READING 2 scrolls labelled XOMINE OLIAREE.
   554 | D:1      | 554 ||| READING scroll labelled KUTRUA PA WESK.
   557 | D:1      | 557 ||| READING scroll labelled CYOJURA ZITUY.
   558 | D:1      | 558 ||| READING scroll labelled COSUEGA SODGHI.
   559 | D:1      | 559 ||| DROPPING scroll of fog.
   560 | D:1      | 560 ||| DROPPING scroll of butterflies.
   564 | D:2      | Noticed Natasha
   569 | D:2      | Killed Natasha
   570 | D:2      | Reached skill level 7 in Ranged Weapons
   570 | D:2      | Reached XP level 3. HP: 20/20 MP: 5/5
   571 | D:2      | 571 ||| STAIRDANCE
   622 | D:2      | Noticed Jessica
   626 | D:2      | Killed from afar by Jessica

Levels and vault maps discovered:
D:1:      beargit_arrival_greenhouse, layout_loops_ring, serial_rivers,
          chequers_serial_rivers_micro_b, chequers_serial_rivers_large_a,
          chequers_serial_rivers_micro_e, chequers_serial_rivers_room_a,
          chequers_serial_rivers_micro_d, hellmonk_ecumenical_altar_lost_god
D:2:      layout_basic, basic_altar, uniq_jessica, uniq_natasha

Skill      XL: |  1  2 |
---------------+-------+-----
Ranged Weapons | 6 7 |  7.1
Fighting       | |  1.5
Dodging        | |  2.4
Stealth        | |  1.2

Action                     || total
---------------------------++-------
   Fire: Shortbow          ||    62
    Use: Scroll            ||     4
 Armour: Leather armour    ||     6
  Dodge: Dodged            ||    25

Table legend:
 A = Non-vault XP
 B = Vault XP
 C = Vault XP percentage of total XP
 D = Non-vault monster count
 E = Vault monster count
 F = Vault count percentage of total count
                 A         B        C        D         E       F
            +---------+---------+-------+---------+---------+-------
      Total |      38 |      35 |  47.9 |      21 |       1 |   4.5
            +---------+---------+-------+---------+---------+-------
        D:1 |      37 |       0 |   0.0 |      20 |       0 |   0.0
        D:2 |       1 |      35 |  97.2 |       1 |       1 |  50.0
            +---------+---------+-------+---------+---------+-------
